 Dungeon Crawl Stone Soup version 0.29-a0-866-g0545e20025 (webtiles) character file.

Game seed: 328617126349446291

31 Malachi the Chopper (level 3, -1/29 HPs)
             Began as a Ghoul Gladiator on July 17, 2022.
             Slain by Sigmund
             ... wielding a +0 scythe
              (11 damage)
             ... on level 2 of the Dungeon.
             The game lasted 00:00:54 (1084 turns).

Malachi the Chopper (Ghoul Gladiator)               Turns: 1084, Time: 00:00:55

Health: -1/29      AC:  4    Str: 19    XL:     3   Next: 22%
Magic:  2/2        EV: 12    Int:  3    God:
Gold:   61         SH:  0    Dex: 10    Spells: 2/2 levels left

rFire   . . .      SeeInvis .   a - +0 war axe
rCold   + . .      Faith    .   (no shield)
rNeg    + + +      Spirit   .   b - +0 leather armour
rPois   ∞          Reflect  .   c - +0 helmet
rElec   .          Harm     .   (no cloak)
rCorr   .          Rampage  .   (no gloves)
Will    .....                   (no boots)
Stlth   +.........              (no amulet)
HPRegen 0.00/turn               (no ring)
MPRegen 0.08/turn               (no ring)

@: inhibited regen
A: claws 1, cold resistance 1, negative energy resistance 3, inhibited
regeneration, torment resistance 2, devour on kill
a: no special abilities


You were on level 2 of the Dungeon.
You visited 1 branch of the dungeon, and saw 2 of its levels.

You collected 61 gold pieces.

Inventory:

Hand Weapons
 a - a +0 war axe (weapon)
Missiles
 d - a throwing net (quivered)
 e - a javelin
Armour
 b - a +0 leather armour (worn)
 c - a +0 helmet (worn)
Jewellery
 l - a +6 ring of intelligence
Scrolls
 f - a scroll of vulnerability {unknown}
 h - a scroll of blinking {unknown}
 i - a scroll of immolation {unknown}
 j - a scroll of enchant armour {unknown}
Potions
 g - a potion of flight {unknown}
 k - a potion of curing {unknown}


   Skills:
 - Level 2.1 Fighting
 * Level 3.9 Axes
 - Level 1.7 Throwing
 - Level 2.6 Dodging


You had 2 spell levels left.
You didn't know any spells.
Your spell library was empty.

Dungeon Overview and Level Annotations

Branches:
Dungeon (2/15)

Altars:

Annotations:
D:2 Sigmund


Innate Abilities, Weirdness & Mutations

You are immune to poison.
You have sharp fingernails.
Your flesh is cold resistant. (rC+)
You are immune to negative energy. (rN+++)
You do not regenerate when monsters are visible.
You are immune to unholy pain and torment.
You thrive by killing the living.


Message History

Sigmund is lightly wounded.
You miss the quokka. You hit the bat.
You kill the bat!
You feel better. The quokka closely misses you.
Sigmund struggles against the net.
The quokka barely misses you.
You catch the helpless Sigmund completely off-guard!
You slash Sigmund!
Sigmund is moderately wounded.
You barely miss the quokka.
Sigmund struggles against the net.
The quokka closely misses you.
Sigmund struggles against the net.
The net rips apart, and Sigmund comes free!
You barely miss Sigmund.
Sigmund is moderately wounded.
You barely miss the quokka.
The quokka bites you but does no damage.
The quokka closely misses you. Sigmund hits you with a +0 scythe.
You barely miss Sigmund.
Sigmund is moderately wounded.
You hit the quokka but do no damage. The quokka closely misses you.
Sigmund misses you.
You slash Sigmund!
Sigmund is severely wounded.
You hit the quokka.
The quokka bites you but does no damage.
The quokka misses you.
Unknown command.
You hit Sigmund but do no damage.
Sigmund is severely wounded.
You slash the quokka!
You kill the quokka!
You feel better. Sigmund gestures at you while chanting.
The puff of flame hits you.
Sigmund gestures wildly while chanting.
Sigmund flickers and vanishes!
Deactivating autopickup; reactivate with Ctrl-A.
You hit something but do no damage. Something barely misses you.
You barely miss something. Something hits you.
You barely miss something. Something hits you!
You die...

#....^...#
#(.......###>
#......(....
#?.......)..
#........... <
#........# #..
#####.>{†...# ..
#......@##..#.#
...#..........##.#
#.....#.##<......#
.......)##.#####..
#..#.......# #.
#.#..##.# .
......##.#
###.......#
########


There were no monsters in sight!

Vanquished Creatures
  A ball python (D:1)
  3 bats
  2 endoplasms (D:1)
  A giant cockroach (D:1)
  3 goblins (D:1)
  7 jackals (D:1)
  3 kobolds
  2 quokkas
  2 frilled lizards (D:1)
  2 rats (D:1)
26 creatures vanquished.

Notes
Turn   | Place    | Note
-------+----------+-------------------------------------------
     0 | D:1      | Malachi the Ghoul Gladiator began the quest for the Orb.
     0 | D:1      | Reached XP level 1. HP: 17/17 MP: 0/0
   260 | D:1      | Reached skill level 3 in Axes
   264 | D:1      | Reached XP level 2. HP: 20/24 MP: 1/1
   806 | D:1      | Reached XP level 3. HP: 23/29 MP: 2/2
  1068 | D:2      | Noticed Sigmund
  1084 | D:2      | Slain by Sigmund

Illustrated notes

Levels and vault maps discovered:
D:1:      ncdulo_wetmaze, layout_loops_corners
D:2:      layout_loops_cross, serial_shops, nicolae_shop_trees, uniq_sigmund

Skill      XL: |  1 |
---------------+----+-----
Axes           | 3 |  3.9
Fighting       | |  2.1
Throwing       | |  1.7
Dodging        | |  2.6

Action                   || total
-------------------------++-------
Melee: War axe           ||    83
Throw: Throwing net      ||     2
 Stab: Held in net/web   ||     1
Armor: Leather armour    ||    33
Dodge: Dodged            ||    67

Table legend: (Time is in decaauts)
 A = Elapsed time spent in this place.
 B = Non-inter-level travel time spent in this place.
 C = Inter-level travel time spent in this place.
 D = Time resting spent in this place.
 E = Time spent auto-exploring this place.
 F = Levels seen in this place.
 G = Mean time per level.
                   A        B        C        D        E       F      G
               +--------+--------+--------+--------+--------+-----+--------+
         Total |   1117 |   1085 |     32 |      0 |    912 |   2 |  558.5 |
       Dungeon |   1117 |   1085 |     32 |      0 |    912 |   2 |  558.5 |
               +--------+--------+--------+--------+--------+-----+--------+

Top non-repeatable levels by time:
     D:1: 1095 daAuts
     D:2: 21 daAuts
